 Dungeon Crawl Stone Soup version 0.19-a0-675-gf8984cf (webtiles) character file.

337 Ijustatesigmund the Cutter (level 6, -3/43 HPs)
             Began as a Halfling Fighter on June 16, 2016.
             Was an Initiate of Okawaru.
             Killed by divine providence
             ... invoked by an orc priest
              (12 damage)
             ... on level 3 of the Dungeon.
             The game lasted 00:07:04 (2881 turns).

Ijustatesigmund the Cutter (Halfling Fighter)       Turns: 2881, Time: 00:07:05

Health: -3/43      AC:  9    Str: 16    XL:     6   Next: 85%
Magic:  6/6        EV:  6    Int:  7    God:    Okawaru [......]
Gold:   184        SH: 10    Dex: 16    Spells: 0 memorised, 5 levels left

rFire  . . .     SeeInvis .     b - +1 short sword (flame)
rCold  + . .     Gourm    .     n - +0 chain mail
rNeg   . . .     Faith    .     c - +0 shield
rPois  .         Spirit   .     (no helmet)
rElec  .         Dismiss  .     (no cloak)
rCorr  .         Reflect  .     (no gloves)
SustAt .         Harm     .     (no boots)
MR     .....                    (no amulet)
Stlth  ..........               (no ring)
                                e - ring of protection from cold

@: not resistant to hostile enchantments, extremely unstealthy
A: mutation resistance 1
a: Renounce Religion


You were on level 3 of the Dungeon.
You worshipped Okawaru.
Okawaru was noncommittal.
You were not hungry.

You visited 1 branch of the dungeon, and saw 4 of its levels.

You collected 184 gold pieces.

Inventory:

Hand Weapons
 a - a +0 rapier
 b - a +1 short sword of flaming (weapon)
 g - a +1 short sword of venom
Missiles
 h - 21 sling bullets
Armour
 c - a +0 shield (worn)
 n - a +0 chain mail (worn)
Jewellery
 e - a ring of protection from cold (left hand)
 k - an uncursed ring of ice
Wands
 d - a wand of lightning (3/15)
Scrolls
 i - 2 scrolls of identify
 j - a scroll of immolation
Potions
 m - a potion of degeneration
Comestibles
 f - 3 bread rations


   Skills:
 + Level 4.0 Fighting
 + Level 5.1 Short Blades
 + Level 4.8 Armour
 + Level 4.6 Shields


You had 5 spell levels left.
You didn't know any spells.

Dungeon Overview and Level Annotations

Branches:
Dungeon (4/15)
 Temple: D:4-7

Altars:
Ashenzari
Okawaru


Innate Abilities, Weirdness & Mutations

You are small and have problems with some larger weapons.
You are somewhat resistant to further mutation.


Message History

The orc wizard hits you but does no damage.
You hit the orc wizard. You burn the orc wizard.
The orc wizard is almost dead.
The orc wizard miscasts a cantrip.
The orc wizard hits you but does no damage.
You hit the orc wizard. You burn the orc wizard.
You kill the orc wizard!
Okawaru accepts your kill.
Your Fighting skill increases to level 4!
The orc priest invokes the aid of Beogh against you.
Beogh smites you!
* * * LOW HITPOINT WARNING * * *
You are too injured to fight recklessly!
You are too injured to fight recklessly!
Okay, then.
As you read the scroll of fog, it crumbles to dust.
The scroll dissolves into smoke.
The orc hits you but does no damage.
The orc priest invokes the aid of Beogh against you.
Beogh smites you!
You die... #..... #.... #.... ooo ## .oo

### .########.# #o# ##.##
.....†...#.## #o# ##.#.#
†.######..#.## #@#
##.#..# #.##
#...#.###§###.#...# #..#
#....#.##§##.#....# ##.#
#.....#.#.#.#.....# ##.#
#......#.#.#......# ##.#
#.......#.#.......# .#.#
#........#........# ...#
#.......[#......###
#..#####†...8...#.)...#.#


You could see an orc priest and an orc.

Vanquished Creatures
  An orc priest (D:3)
  2 orc wizards (D:3)
  A centaur skeleton (D:4)
  Terence (D:2)
  Natasha (thrice) (D:2 D:3)
  4 adders
  A worm (D:3)
  3 dart slugs
  A giant gecko (D:1)
  7 orcs
  4 ball pythons
  2 giant cockroaches
  6 hobgoblins
  6 jackals
  6 kobolds
  A quokka (D:3)
  12 bats
  3 giant newts
  6 goblins
  8 rats
78 creatures vanquished.

Vanquished Creatures (others)
  An orc (D:4)
1 creature vanquished.

Grand Total: 79 creatures vanquished

Notes
Turn   | Place    | Note
--------------------------------------------------------------
     0 | D:1      | Ijustatesigmund the Halfling Fighter began the quest for the Orb.
     0 | D:1      | Reached XP level 1. HP: 15/15 MP: 1/1
    50 | D:1      | Reached skill level 3 in Short Blades
    77 | D:1      | Reached XP level 2. HP: 19/20 MP: 2/2
   476 | D:1      | Reached XP level 3. HP: 24/26 MP: 3/3
  1050 | D:2      | Noticed Terence
  1061 | D:2      | Killed Terence
  1061 | D:2      | Reached XP level 4. HP: 30/31 MP: 4/4
  1155 | D:2      | Found an iron altar of Okawaru.
  1164 | D:2      | Became a worshipper of Warmaster Okawaru
  1259 | D:2      | Noticed Natasha
  1268 | D:2      | Killed Natasha
  1268 | D:2      | Reached skill level 4 in Short Blades
  1347 | D:2      | Found a shattered altar of Ashenzari.
  1405 | D:2      | Reached XP level 5. HP: 35/36 MP: 5/5
  2163 | D:3      | Noticed Natasha
  2171 | D:3      | Killed Natasha
  2240 | D:3      | Noticed Natasha
  2250 | D:3      | Killed Natasha
  2340 | D:3      | Reached XP level 6. HP: 39/42 MP: 6/6
  2534 | D:4      | Reached skill level 5 in Short Blades
  2881 | D:3      | Killed from afar by an orc priest

Vault maps used:
D:1:      dpeg_arrival_chambers_temple_mockup, patterned_corridor
D:2:      lemuel_coloured_pillars_altar, ashenzari_altar_1,
          serial_bayou_lagoon_b, uniq_natasha, uniq_terence
D:3:      wad_pebble_path, corexii_corridor_pit, minmay_cut_off
D:4:      fiery_altar_vehumet, old_standard_altar, serial_shops, shop,
          nicolae_shop_waterfront, uniq_eustachio

Skill      XL: |  1  2  3  4  5  6 |
---------------+-------------------+-----
Short Blades   | 3 4 5 |  5.1
Fighting       | 3 4 |  4.0
Armour         | 4 |  4.8
Shields        | 4 |  4.6

Action                   |  1- 3 |  4- 6 || total
-------------------------+-------+-------++-------
Melee: Rapier            |    26 |       ||    26
       Short sword       |    73 |   183 ||   256
  Use: Scroll            |       |     6 ||     6
       Potion            |       |     1 ||     1
  Eat: Chunk             |       |     5 ||     5
       Royal jelly       |       |     1 ||     1
Armor: Scale mail        |    31 |     3 ||    34
       Chain mail        |       |    90 ||    90
Dodge: Dodged            |    18 |    51 ||    69
Block: Shield            |    41 |    95 ||   136
